 Dungeon Crawl Stone Soup version 0.32-a0-85-g672eff3212 (webtiles) character file.

Game seed: 18165790555483849549

4 adhd the Ruffian (level 1, -1/13 HPs)
             Began as an Octopode Shapeshifter on Feb 5, 2024.
             Slain by a rat (2 damage)
             ... on level 1 of the Dungeon.
             The game lasted 00:01:11 (158 turns).

adhd the Ruffian (Octopode Shapeshifter)             Turns: 158, Time: 00:01:11

Health: -1/13      AC:  1    Str: 13    XL:     1   Next: 70%
Magic:  1/1        EV: 13    Int: 12    God:
Gold:   0          SH:  0    Dex: 11    Spells: 0/0 levels left

rFire   . .          .
                       - Unarmed
rCold   . . .        (no shield)
rNeg    . . .        (helmet currently unavailable)
rPois   .            (no amulet)
rElec   .            (no ring)
rCorr   .            (no ring)
SInv    .            (no ring)
Will    .....        (no ring)
Stlth   ++           (no ring)
HPRegen 0.22/turn    (no ring)
MPRegen 0.07/turn    (no ring)
                     (no ring)

%: no passive effects
@: beast-form
A: beast (slay +1), almost no armour, amphibious, 8 rings, camouflage 1,
gelatinous body 1, (nimble swimmer 1), tentacles
a: Begin Untransformation


You were on level 1 of the Dungeon.
You were a hulking beast.
You visited 1 branch of the dungeon, and saw 1 of its levels.

Inventory:

Talismans
 b - a beast talisman
 c - a flux talisman
Scrolls
 d - a scroll of immolation {unknown}
Potions
 a - a potion of lignification
 e - a potion of mutation {unknown}


   Skills:
 + Level 1.0 Fighting
 + Level 2.0 Dodging
 + Level 3.1 Unarmed Combat
 + Level 3.1 Shapeshifting


You couldn't memorise any spells.
You didn't know any spells.
Your spell library was empty.

Dungeon Overview and Level Annotations

Branches:
Dungeon (1/15)

Altars:


Innate Abilities, Weirdness & Mutations

You are a hulking beast.
Your limbs bulge with bestial killing power. (Slay +1)
You cannot wear most types of armour.
You are amphibious.
You can wear up to eight rings at the same time.
Your skin changes colour to match your surroundings (Stealth+).
Your rubbery body absorbs attacks. (AC +1, EV +1)
((You are camouflaged when in or above water. (Stealth+)))
You have tentacles for arms and can constrict up to eight enemies at once.


Message History

The bat closely misses you. The bat hits you but does no damage.
The frilled lizard hisses.
The bat barely misses you.
You open the door. The bat barely misses you. The frilled lizard misses you.
The bat barely misses you.
The frilled lizard attacks as it pursues you!
The frilled lizard closely misses you.
There is an open door here.
The bat hits you. The bat hits you. The bat closely misses you.
The bat misses you.
A rat comes into view.
The bat attacks as it pursues you! The bat closely misses you. x2
The bat barely misses you. The bat attacks as it pursues you!
The bat misses you. The bat hits you.
The frilled lizard unfolds its giant frill.
You closely miss the bat. You grab the bat.
You constrict the bat, but do no damage.
The bat hits you but does no damage.
The bat escapes!
The bat misses you.
An endoplasm comes into view.
The bat closely misses you.
A bat comes into view.
Found 11 gold pieces.
The bat barely misses you.
The frilled lizard attacks as it pursues you!
The frilled lizard bites you.
The rat squeaks loudly.
The bat completely misses you. The frilled lizard bites you.
* * * LOW HITPOINT WARNING * * *
The bat barely misses you.
The endoplasm quivers.
The bat attacks as it pursues you! The bat completely misses you.
The bat closely misses you. x2; The bat hits you.
* * * LOW HITPOINT WARNING * * *
The rat closely misses you. The bat closely misses you. The bat hits you.
* * * LOW HITPOINT WARNING * * *
The rat bites you.
You die...

###..##.#
###
........#
..#
#####...#
#+### ..##
#..#.##...$#
..[#
#.##..#....#
..... ...
##.#....#
##.## .##
#lb# # .# .
##b#.# #
#hr.# ##.J#
#.... ......
###... ###


You could see an endoplasm, 2 bats, a frilled lizard and a rat.

Vanquished Creatures
  2 giant cockroaches (D:1)
  A goblin (D:1)
  A rat (D:1)
4 creatures vanquished.

Notes
Turn   | Place    | Note
-------+----------+-------------------------------------------
     0 | D:1      | adhd the Octopode Shapeshifter began the quest for the Orb.
     0 | D:1      | Reached XP level 1. HP: 13/13 MP: 1/1
   158 | D:1      | Slain by a rat

Illustrated notes

Levels and vault maps discovered:
D:1:      dpeg_arrival_fog, layout_basic, minmay_misc_feat_cross

Action                     || total
---------------------------++-------
  Melee: Unarmed           ||    14
         Constrict         ||     4
         Tentacles         ||     1
 Armour: Skin              ||    24
  Dodge: Dodged            ||    41

Table legend: (Time is in decaauts)
 A = Elapsed time spent in this place.
 B = Non-inter-level travel time spent in this place.
 C = Inter-level travel time spent in this place.
 D = Time resting spent in this place.
 E = Time spent auto-exploring this place.
 F = Levels seen in this place.
 G = Mean time per level.
                   A        B        C        D        E       F      G
               +--------+--------+--------+--------+--------+-----+--------+
         Total |    157 |    151 |      6 |      0 |      0 |   1 |  157.0 |
       Dungeon |    157 |    151 |      6 |      0 |      0 |   1 |  157.0 |
               +--------+--------+--------+--------+--------+-----+--------+

Top non-repeatable levels by time:
     D:1: 157 daAuts
